 Dungeon Crawl Stone Soup version 0.28-a0-57-g271197699b (webtiles) character file.

Game seed: 15689222132624386415

190850 MacCMillion the Severer (level 17, -1/135 (163) HPs)
             Began as a Minotaur Fighter on July 30, 2021.
             Was the Champion of Makhleb.
             Killed from afar by a necromancer (34 damage)
             ... with a bolt of negative energy
             ... on level 15 of the Dungeon.
             The game lasted 01:53:58 (29072 turns).

MacCMillion the Severer (Minotaur Fighter)         Turns: 29072, Time: 01:53:58

HP:   -1/135 (163)  AC: 25    Str: 26    XL:     17   Next: 99%
MP:   26/26         EV: 14    Int:  5    God:    Makhleb [******]
Gold: 2712          SH: 19    Dex: 10    Spells: 16/16 levels left

rFire   + . .      SeeInvis .   U - +9 broad axe (flame)
rCold   + . .      Faith    .   c - +0 kite shield
rNeg    . . .      Spirit   .   V - +0 plate armour {rC+}
rPois   .          Reflect  +   (helmet restricted)
rElec   .          Harm     .   j - +0 cloak
rCorr   .          Rampage  ∞   r - +1 pair of gloves
Will    +....      Rnd*Tele +   b - +3 pair of seven-league boots {Rampage+∞}
Stlth   ..........              H - amulet of reflection
HPRegen 0.32/turn               f - ring of protection from fire
MPRegen 0.20/turn               d - +4 ring of evasion

@: flayed, heavily drained
A: horns 2, retaliatory headbutt, teleportitis 1, weak 1
a: Renounce Religion, Minor Destruction, Lesser Servant of Makhleb, Major
Destruction, Greater Servant of Makhleb


You were on level 15 of the Dungeon.
You worshipped Makhleb.
Makhleb was exalted by your worship.
You visited 4 branches of the dungeon, and saw 24 of its levels.
You also visited: Bailey and Gauntlet.

You collected 2853 gold pieces.
You spent 141 gold pieces at shops.

Inventory:

Hand Weapons
 D - a +0 flail of holy wrath
 F - the +6 war axe of the Shallot {venom, rF+ rC+ Int+2 Dex+2}
   (You found it on level 6 of the Dungeon)

   It poisons the flesh of those it strikes.
   Int:       It affects your intelligence (+2).
   Dex:       It affects your dexterity (+2).
   rF:        It protects you from fire.
   rC:        It protects you from cold.
 U - a +9 broad axe of flaming (weapon)
Armour
 b - the +3 pair of seven-league boots (worn) {Rampage+∞}
   (You acquired it on level 13 of the Dungeon)

   Its wearer moves as far as possible in that direction when moving towards
   enemies.
 c - a +0 kite shield (worn)
 j - a +0 cloak (worn)
 r - a +1 pair of gloves (worn)
 V - a +0 plate armour of cold resistance (worn)
Jewellery
 d - a +4 ring of evasion (right hand)
 e - a ring of positive energy
 f - a ring of protection from fire (left hand)
 i - a ring of see invisible
 k - a ring of ice
 n - the ring "Laurieko" {rPois Str+3}
   (You found it in a Gauntlet)

   [ring of poison resistance]

   Str:       It affects your strength (+3).
   rPois:     It protects you from poison.
 G - an amulet of guardian spirit
 H - an amulet of reflection (around neck)
 J - a ring of resist corrosion
 M - a ring of flight
 S - the ring of Taygaud {rElec rPois Int+5}
   (You found it in a Gauntlet)

   [ring of poison resistance]

   Int:       It affects your intelligence (+5).
   rElec:     It insulates you from electricity.
   rPois:     It protects you from poison.
Wands
 s - a wand of acid (11)
 C - a wand of paralysis (5)
 E - a wand of iceblast (5)
 I - a wand of digging (7)
 K - a wand of charming (15)
 P - a wand of flame (39)
 W - a wand of polymorph (18)
 X - a wand of mindburst (16)
Scrolls
 g - 4 scrolls of enchant armour
 h - 3 scrolls of fear
 m - 5 scrolls of holy word
 o - 4 scrolls of identify
 x - a scroll of torment {unknown}
 y - 4 scrolls of teleportation
 A - 4 scrolls of fog
 N - 2 scrolls of magic mapping
 O - 3 scrolls of immolation
 R - a scroll of blinking
Potions
 a - a potion of invisibility
 l - 2 potions of ambrosia
 p - 5 potions of mutation
 q - 10 potions of curing
 t - 4 potions of flight
 u - a potion of attraction
 v - 5 potions of lignification
 w - 4 potions of might
 z - a potion of berserk rage
 B - 3 potions of resistance
 Q - 3 potions of haste
 T - 3 potions of heal wounds
 Y - a potion of brilliance
Miscellaneous
 Z - a phial of floods


   Skills:
 + Level 17.8 Fighting
 - Level 18.0 Axes
 + Level 13.8 Armour
 - Level 7.0 Dodging
 - Level 15.0 Shields
 * Level 13.8 Invocations


You had 16 spell levels left.
You didn't know any spells.
Your spell library contained the following spells:

 Spells                   Type           Power      Damage    Failure   Level
 Apportation              Tloc           0%         N/A       98%         1
 Magic Dart               Conj           0%         1d3       98%         1
 Sandblast                Erth           0%         2d4       98%         1
 Summon Small Mammal      Summ           0%         N/A       98%         1
 Passwall                 Tmut/Erth      0%         N/A       99%         2
 Searing Ray              Conj           0%         3d3       99%         2
 Slow                     Hex            0%         N/A       99%         2
 Call Canine Familiar     Summ           0%         N/A       100%        3
 Confusing Touch          Hex            0%         N/A       100%        3
 Frozen Ramparts          Ice            0%         1d2       100%        3
 Ozocubu's Armour         Ice            0%         N/A       100%        3
 Portal Projectile        Hex/Tloc       0%         N/A       100%        3
 Summon Guardian Golem    Hex/Summ       0%         N/A       100%        3
 Vampiric Draining        Necr           0%         2d6       100%        3
 Animate Dead             Necr           0%         N/A       100%        4
 Fulminant Prism          Conj/Hex       0%         3d6       100%        4
 Hailstorm                Conj/Ice       0%         3d3       100%        4
 Ice Form                 Ice/Tmut       0%         N/A       100%        4
 Leda's Liquefaction      Hex/Erth       0%         N/A       100%        4
 Summon Ice Beast         Ice/Summ       0%         N/A       100%        4
 Alistair's Intoxication  Tmut/Pois      0%         N/A       100%        5
 Blade Hands              Tmut           0%         N/A       100%        5
 Excruciating Wounds      Necr           0%         N/A       100%        5
 Lee's Rapid Deconstruct  Erth           0%         3d5*      100%        5
 Invisibility             Hex            0%         N/A       100%        6
 Simulacrum               Ice/Necr       0%         N/A       100%        6
 Haunt                    Necr/Summ      0%         N/A       100%        7
 Ozocubu's Refrigeration  Ice            0%         4d5       100%        7
 Infestation              Necr           0%         N/A       100%        8


Dungeon Overview and Level Annotations

Branches:
Dungeon (15/15)            Temple (1/1) D:4            Lair (6/6) D:8
 Shoals (0/4) Lair:2       Spider (0/4) Lair:3        Slime (0/5) Lair:6
    Orc (2/2) D:12         Vaults (0/5) D:14         Bailey (visited)
Gauntlet (visited)
    Elf: Orc:2       Depths: D:15

Altars:
Ashenzari
Cheibriados
Dithmenos
Elyvilon
Fedhas
Gozag
Hepliaklqana
Kikubaaqudgha
Makhleb
Nemelex Xobeh
Okawaru
Qazlal
Ru
Sif Muna
Trog
Uskayaw
Vehumet
Wu Jian
Xom
Yredelemnul
Zin
The Shining One
Jiyva

Shops:
D:10 *[=   D:12 :(*   D:14 [   Orc:2 :

Portals:
Trove: D:13 (show slimy rune of Zot)

Annotations:
D:3 2 transporters, LunaMoon's ghost, amateur DDFi
D:5 4 runed translucent doors, Crazy Yiuf; anet's ghost, amateur GnDe; mora's ghost, novice FoFi; notjohn's ghost, novice DECj; wpisznazwe's ghost, novice TeFi
D:14 2 transporters, Iclawnydy's ghost, journeyman GnIE
Lair:3 exclusion: oklob plant
Lair:5 exclusion: 2 oklob plants
Orc:2 Erolcha


Innate Abilities, Weirdness & Mutations

You have a pair of horns on your head.
You reflexively headbutt those who attack you in melee.
You are occasionally teleported next to monsters.
You are weak. (Str -2)


Message History

You resist with significant effort.
The necromancer gestures wildly while chanting.
The necromancer binds the souls of nearby monsters.
You slash the skeletal warrior! You burn the skeletal warrior.
The skeletal warrior is lightly damaged.
You hit the skeletal warrior but do no damage.
The skeletal warrior is lightly damaged.
You block the skeletal warrior's attack.
You hit the skeletal warrior but do no damage.
Your headbutt misses the skeletal warrior.
The skeletal warrior is lightly damaged.
You block the skeletal warrior's attack.
You closely miss the skeletal warrior.
Your headbutt misses the skeletal warrior.
The skeletal warrior is lightly damaged.
The flayed ghost stares at you with tortured malice.
Terrible wounds open up all over your body!
The skeletal warrior completely misses you.
The necromancer gestures at you while chanting.
The bolt of negative energy hits the skeletal warrior.
The skeletal warrior completely resists.
The bolt of negative energy hits you!!
You feel drained.
The necromancer drinks a potion.
The necromancer seems to speed up.
The flayed ghost stares at you with tortured malice.
Terrible wounds spread across more of your body!
There is an open door here.
The necromancer casts a spell at you. The bolt of negative energy hits you!
You feel drained.
There is an open door here.
The necromancer casts a spell at you. The bolt of negative energy hits you!!
You feel drained.
* * * LOW HITPOINT WARNING * * *
The necromancer mumbles some strange words.
The necromancer binds the souls of nearby monsters.
There is a stone staircase leading up here.
The necromancer gestures wildly while chanting.
The necromancer binds the souls of nearby monsters.
The necromancer points at you and mumbles some strange words.
The bolt of negative energy hits you!!
You feel drained.
You die...

#.#.#....#..##
#.............
#.)......#..#.
#..#####.####.
#..#####.#....
#.............
#########'#########.#.
#...........# #.#.
+....@......# #.#.
#......p....# #.#.
#.(.....z...# #.#.
#########'### #...
#.############
#.#...........
########z#...........
#.....)..............
+.......W............


You could see a skeletal warrior and a necromancer (fast).

Vanquished Creatures
  Jorgrun (D:12)
  Frances (D:13)
  Kirke (D:13)
  Agnes (D:15)
  An orc warlord (Bailey)
  A ghost moth (shapeshifter) (D:11)
  A minotaur (Gauntlet)
  2 ogre magi (D:15)
  A vault guard (D:14)
  5 boulder beetles
  9 hydras
  2 catoblepae
  Erica (Orc:1)
  3 centaur warriors
  3 death knights
  9 two-headed ogres
  4 death yaks (Lair:5)
  4 tengu warriors
  A wretched star (Gauntlet)
  7 skeletal warriors
  2 sixfirhies (Gauntlet)
  2 goliath frogs (Lair:6)
  2 lindwurms
  3 deep elf pyromancers
  2 phantasmal warriors
  3 orc knights
  4 manticores
  7 cyclopes
  20 ugly things
  5 centaur zombies
  Maurice (D:10)
  6 black mambas
  A merfolk siren (Lair:2)
  Joseph (D:8)
  A black mamba (shapeshifter) (D:14)
  A gargoyle (D:11)
  25 cane toads
  2 freezing wraiths
  11 komodo dragons
  An efreet (D:13)
  A kobold demonologist (D:12)
  A tengu conjurer (D:11)
  Psyche (D:8)
  3 rime drakes
  A yaktaur (shapeshifter) (D:15)
  A meliai (shapeshifter) (D:14)
  A jumping spider (shapeshifter) (D:15)
  2 tyrant leeches (Lair:6)
  3 merfolk (Lair:2)
  3 trolls
  5 polar bears
  Grinder (D:4)
  A hornet (D:9)
  11 slime creatures
  15 blink frogs
  A small abomination (Gauntlet)
  Sigmund (D:3)
  2 centaur simulacra (D:15)
  A tarantella (Lair:3)
  4 shadows
  A water elemental (D:15)
  7 wyverns
  2 wraiths
  A vampire (D:12)
  60 yaks
  Eustachio (D:4)
  10 vampire mosquitoes
  A neqoxec (Gauntlet)
  5 hogs (D:13)
  5 basilisks
  An acid dragon (D:13)
  Edmund (D:6)
  2 wargs (Orc:1)
  8 water moccasins
  16 orc warriors
  2 ice beasts
  A necrophage (D:6)
  2 black bears
  4 ogres
  4 boggarts (Lair:6)
  18 wolves
  3 centaurs
  2 phantoms (D:12)
  A kobold brigand (D:11)
  Blork the orc (D:4)
  18 bullfrogs
  A gnoll sergeant (D:11)
  3 scorpions
  A water moccasin skeleton (D:4)
  4 killer bees (D:9)
  4 howler monkeys
  4 wights
  An electric eel (Lair:6)
  A crimson imp (D:8)
  A hound (D:4)
  A jelly (D:3)
  2 gnoll shamans
  8 orc priests
  A centaur skeleton (D:5)
  2 iguanas (D:5)
  A scorpion zombie (D:5)
  Terence (D:2)
  10 orc wizards
  Natasha (thrice) (D:3)
  6 hell rats (Lair:4)
  6 ogre zombies (D:12)
  A hound skeleton (D:5)
  Robin (D:3)
  A howler monkey zombie (D:9)
  29 gnolls
  2 adders
  A shadow imp (D:6)
  A white imp (D:8)
  An adder skeleton (D:5)
  3 worms
  A dart slug (D:4)
  42 orcs
  5 ball pythons
  5 bats
  9 endoplasms
  3 giant cockroaches (D:1)
  28 goblins
  14 hobgoblins
  9 jackals
  9 kobolds
  2 frilled lizards
  2 goblin skeletons (D:12)
  3 goblin zombies (D:12)
  A hobgoblin skeleton (D:12)
  4 hobgoblin zombies (D:12)
  2 orc skeletons (D:12)
  7 orc zombies (D:12)
  2 quokka skeletons (D:4)
  7 rats
  A bush (Lair:2)
651 creatures vanquished.

Vanquished Creatures (collateral kills)
  4 yaks (D:10)
4 creatures vanquished.

Vanquished Creatures (others)
  2 demonic plants (Gauntlet)
  23 fungi
  103 plants
  16 toadstools (Lair:3)
  6 withered plants
150 creatures vanquished.

Grand Total: 805 creatures vanquished

Notes
Turn   | Place    | Note
-------+----------+-------------------------------------------
     0 | D:1      | MacCMillion the Minotaur Fighter began the quest for the
                  | Orb.
     0 | D:1      | Reached XP level 1. HP: 19/19 MP: 0/0
   304 | D:1      | Found a faded altar of an unknown god.
   332 | D:1      | Reached XP level 2. HP: 27/27 MP: 1/1
   413 | D:1      | Reached skill level 3 in Axes
   857 | D:2      | Noticed Terence
   864 | D:2      | Killed Terence
   865 | D:2      | Reached XP level 3. HP: 21/33 MP: 2/2
  1044 | D:2      | Reached skill level 4 in Axes
  1113 | D:2      | Reached XP level 4. HP: 34/40 MP: 3/3
  1583 | D:3      | Noticed Sigmund
  1591 | D:3      | Killed Sigmund
  1592 | D:3      | Reached skill level 6 in Axes
  1592 | D:3      | Reached skill level 5 in Shields
  1592 | D:3      | Reached XP level 5. HP: 21/46 MP: 4/4
  2139 | D:3      | Noticed Robin
  2162 | D:3      | Killed Robin
  2163 | D:3      | Reached XP level 6. HP: 33/52 MP: 5/5
  2466 | D:3      | Noticed Natasha
  2470 | D:3      | Killed Natasha
  2486 | D:3      | Noticed Natasha
  2495 | D:3      | Killed Natasha
  2534 | D:3      | Noticed Natasha
  2834 | D:3      | Killed Natasha
  2965 | D:3      | Noticed LunaMoon's ghost (amateur DDFi)
  3103 | D:3      | Found a transporter.
  3104 | D:3      | Found a transporter.
  3159 | D:3      | Identified the +7 dire flail "Newtbane" {freeze, rN+ Str-3
                  | SInv Stlth+}
  3305 | D:4      | Noticed Eustachio
  3438 | D:4      | Reached skill level 7 in Axes
  3465 | D:4      | Killed Eustachio
  3466 | D:4      | Reached XP level 7. HP: 30/59 MP: 6/6
  3727 | D:4      | Noticed Blork the orc
  3733 | D:4      | Killed Blork the orc
  3799 | D:4      | Found a sacrificial altar of Ru.
  3825 | D:4      | Noticed Grinder
  3836 | D:4      | Killed Grinder
  3837 | D:4      | Reached skill level 8 in Axes
  4034 | D:4      | Found a shadowy altar of Dithmenos.
  4038 | D:4      | Found a glowing silver altar of Zin.
  4038 | D:4      | Found a shimmering altar of Xom.
  4038 | D:4      | Found a snail-covered altar of Cheibriados.
  4039 | D:4      | Found a shimmering blue altar of Sif Muna.
  4040 | D:4      | Found an opulent altar of Gozag.
  4197 | D:4      | Found a staircase to the Ecumenical Temple.
  4227 | Temple   | Entered the Ecumenical Temple
  4232 | Temple   | Became a worshipper of Makhleb the Destroyer
  4345 | D:4      | Reached skill level 9 in Axes
  4608 | D:5      | Entered Level 5 of the Dungeon
  4621 | D:5      | Reached XP level 8. HP: 63/66 MP: 7/7
  5288 | D:5      | Reached skill level 10 in Axes
  5632 | D:5      | Found a runed translucent gate.
  5632 | D:5      | Found a runed translucent gate.
  5632 | D:5      | Found a runed translucent gate.
  5641 | D:5      | Noticed mora's ghost (novice FoFi)
  5642 | D:5      | Noticed notjohn's ghost (novice DECj)
  5643 | D:5      | Noticed anet's ghost (amateur GnDe)
  5644 | D:5      | Noticed wpisznazwe's ghost (novice TeFi)
  5803 | D:5      | Found a runed translucent door.
  5804 | D:5      | Noticed Crazy Yiuf
  6153 | D:6      | Noticed Edmund
  6163 | D:6      | Killed Edmund
  6335 | D:6      | Identified the +6 war axe of the Shallot {venom, rF+ rC+
                  | Int+2 Dex+2}
  6412 | D:6      | Reached skill level 11 in Axes
  6546 | D:7      | Reached * piety under Makhleb
  6608 | D:7      | Reached XP level 9. HP: 60/71 MP: 8/8
  7260 | D:8      | Reached skill level 1 in Invocations
  7625 | D:8      | Reached skill level 12 in Axes
  7629 | D:8      | Found a staircase to the Lair.
  7650 | D:8      | Noticed Psyche
  7659 | D:8      | Killed Psyche
  8044 | D:8      | Noticed Joseph
  8057 | D:8      | Killed Joseph
  8837 | D:9      | Noticed a two-headed ogre
  8854 | D:10     | Entered Level 10 of the Dungeon
  9004 | D:10     | Reached skill level 13 in Axes
  9004 | D:10     | Reached skill level 10 in Shields
  9007 | D:10     | Reached XP level 10. HP: 78/78 MP: 9/11
  9090 | D:10     | Noticed Maurice
  9105 | D:10     | Reached ** piety under Makhleb
  9113 | D:10     | Killed Maurice
  9131 | D:10     | Found Diuxzih's Assorted Antiques.
  9167 | D:10     | Found a flagged portal.
  9176 | Bailey   | Entered a bailey
  9419 | Bailey   | Reached skill level 5 in Invocations
  9453 | Bailey   | Reached skill level 14 in Axes
  9481 | Bailey   | Reached *** piety under Makhleb
  9717 | Bailey   | Noticed an orc warlord
  9751 | Bailey   | Killed an orc warlord
  9850 | Bailey   | Reached XP level 11. HP: 63/84 MP: 14/14
 10388 | D:10     | Acquired a manual of Fighting
 10408 | D:10     | Reached skill level 15 in Axes
 10449 | D:10     | Found Ylanuy's Armour Shop.
 10462 | D:10     | Found Uqoutus's Jewellery Emporium.
 10492 | D:10     | Bought a potion of curing for 63 gold pieces
 10539 | D:10     | Reached skill level 5 in Fighting
 10763 | D:9      | Identified the +3 ring mail "Kiucewex" {Str+3 Int+3}
 10808 | D:9      | Killed a two-headed ogre
 11269 | D:11     | Reached **** piety under Makhleb
 11304 | D:11     | Noticed a two-headed ogre
 11311 | D:11     | Killed a two-headed ogre
 11919 | D:11     | Noticed a two-headed ogre
 12168 | D:11     | Killed a two-headed ogre
 12414 | D:11     | Noticed a death knight
 12845 | D:12     | Noticed a skeletal warrior
 12849 | D:12     | Noticed a death knight
 12849 | D:12     | Noticed a phantasmal warrior
 12856 | D:12     | Killed a skeletal warrior
 12857 | D:12     | Reached XP level 12. HP: 100/100 MP: 17/17
 13252 | D:11     | Noticed a tengu warrior
 13635 | D:11     | Reached skill level 16 in Axes
 13699 | D:11     | Noticed a boulder beetle
 13757 | D:11     | Killed a boulder beetle
 13785 | D:12     | Noticed a boulder beetle
 13796 | D:12     | Noticed a two-headed ogre
 13801 | D:12     | Killed a boulder beetle
 13964 | D:12     | Found Jagyfim's General Store.
 13969 | D:12     | Bought 2 scrolls of identify for 52 gold pieces
 13969 | D:12     | Bought a scroll of identify for 26 gold pieces
 14450 | Lair:1   | Entered Level 1 of the Lair of Beasts
 14736 | Lair:1   | Noticed a four-headed hydra
 14743 | Lair:1   | Killed a two-headed hydra
 14744 | Lair:1   | Reached skill level 10 in Fighting
 15615 | Lair:2   | Noticed a boulder beetle
 15622 | Lair:2   | Killed a boulder beetle
 15745 | Lair:2   | Reached ***** piety under Makhleb
 16005 | Lair:2   | Found a staircase to the Shoals.
 16201 | D:8      | Reached XP level 13. HP: 124/124 MP: 19/19
 16202 | D:8      | Reached skill level 15 in Fighting
 16202 | D:8      | Reached skill level 17 in Axes
 16202 | D:8      | Reached skill level 10 in Invocations
 16202 | D:8      | Reached XP level 14. HP: 135/135 MP: 20/20
 16383 | Lair:2   | Identified the +8 dire flail "Dragonslayer" {vorpal, Str+7
                  | Dex+3}
 16431 | Lair:2   | Reached skill level 5 in Armour
 16435 | Lair:2   | Reached XP level 15. HP: 83/143 MP: 12/21
 17049 | Lair:2   | Identified the -6 kite shield of True Grit {rF+++ Int+8
                  | Stlth-}
 17605 | Lair:3   | Found a blossoming altar of Fedhas.
 17716 | Lair:3   | Found a hole to the Spider Nest.
 18583 | Lair:4   | Reached skill level 15 in Shields
 20094 | Lair:5   | Reached ****** piety under Makhleb
 20095 | Lair:5   | Reached skill level 18 in Axes
 20535 | Lair:6   | Entered Level 6 of the Lair of Beasts
 20762 | Lair:6   | Reached skill level 10 in Armour
 21085 | Lair:6   | Found a staircase to the Slime Pits.
 21085 | Lair:6   | Found a viscous altar of Jiyva.
 21602 | Lair:6   | Identified the +6 hunting sling of Linearity {vorpal, rF++}
 22832 | D:12     | Found a staircase to the Orcish Mines.
 22837 | D:12     | Reached XP level 16. HP: 138/152 MP: 19/23
 23048 | D:11     | Reached skill level 1 in Dodging
 24070 | D:12     | Found Maboadgh's Book Emporium.
 24214 | D:12     | Found Ipups's Antique Weapon Shoppe.
 24272 | D:12     | Noticed Jorgrun
 24282 | D:12     | Killed Jorgrun
 25123 | Orc:1    | Entered Level 1 of the Orcish Mines
 25329 | Orc:1    | Noticed Erica
 25464 | Orc:1    | Killed Erica
 25860 | Orc:2    | Entered Level 2 of the Orcish Mines
 25860 | Orc:2    | Found Sekkar's Book Shop.
 25860 | Orc:2    | Noticed Erolcha
 25986 | D:13     | Noticed Kirke
 25998 | D:13     | Killed Kirke
 26011 | D:13     | Acquired the +3 pair of seven-league boots {Rampage+∞}
 26012 | D:13     | Found the +3 pair of seven-league boots {Rampage+∞}
 26259 | D:13     | Noticed Frances
 26261 | D:13     | Identified the ring of Wiust {Wiz Fly}
 26295 | D:13     | Acquired 825 gold pieces
 26453 | D:13     | Found a portal to a secret trove of treasure.
 26512 | D:13     | Killed Frances
 26927 | D:14     | Found a transporter.
 26935 | D:14     | Noticed Iclawnydy's ghost (journeyman GnIE)
 27138 | D:14     | Found a transporter.
 27156 | D:14     | Found a gate leading to a gauntlet.
 27164 | Gauntlet | Entered a Gauntlet
 27164 | Gauntlet | Found a transporter.
 27345 | Gauntlet | Found a transporter.
 27360 | Gauntlet | Found a transporter.
 27361 | Gauntlet | Found a transporter.
 27379 | Gauntlet | Found a transporter.
 27390 | Gauntlet | Found a runed translucent gate.
 27391 | Gauntlet | Found a transporter.
 27391 | Gauntlet | Found a runed translucent gate.
 27394 | Gauntlet | Found a transporter.
 27398 | Gauntlet | Found a transporter.
 27412 | Gauntlet | Found a runed translucent gate.
 27429 | Gauntlet | Found a transporter.
 27437 | Gauntlet | Found a transporter.
 27437 | Gauntlet | Found a transporter.
 27446 | Gauntlet | Found a transporter.
 27555 | Gauntlet | Identified the ring "Laurieko" {rPois Str+3}
 27561 | Gauntlet | Reached skill level 5 in Dodging
 27561 | Gauntlet | Reached XP level 17. HP: 161/161 MP: 25/25
 27592 | Gauntlet | Gained mutation: You are weak. (Str -2) [a neqoxec]
 27593 | Gauntlet | Gained mutation: You are occasionally teleported next to
                  | monsters. [a neqoxec]
 27606 | Gauntlet | Identified the ring of Taygaud {rElec rPois Int+5}
 28057 | D:14     | Found a snail-covered altar of Cheibriados.
 28057 | D:14     | Found Cheibriados's Comfort Zone.
 28279 | D:14     | Found a gate to the Vaults.
 28609 | D:15     | Entered Level 15 of the Dungeon
 28624 | D:15     | Paralysed by an ogre mage for 5 turns
 28893 | D:15     | Noticed Agnes
 28902 | D:15     | Killed Agnes
 29072 | D:15     | Killed from afar by a necromancer

Illustrated notes

Levels and vault maps discovered:
D:1:      ncdulo_wetmaze, layout_rooms, chequers_ecumenical_altar_island,
          minivault_27, minivault_23
D:2:      layout_rooms, uniq_terence
D:3:      layout_basic, gammafunk_ghost_smash, minmay_misc_feat_ornament,
          uniq_natasha, uniq_sigmund, uniq_robin
D:4:      layout_rooms, minitemple, minmay_temple_entry_grid, minmay_quantized,
          uniq_grinder, uniq_eustachio, uniq_blork_the_orc
D:5:      layout_cave_pools, gammafunk_ghost_cemetery, uniq_crazy_yiuf_cottage
D:6:      layout_cave_pools, uniq_edmund
D:7:      layout_basic
D:8:      layout_cave_pods, lair_entry_dummy, minmay_fire_ice_demons,
          uniq_psyche, uniq_joseph
D:9:      layout_roguey
D:10:     layout_roguey, enter_bailey_6, serial_shops, shop,
          nicolae_shop_crystal, shop, uniq_maurice
D:11:     layout_irregular_city, minmay_the_grid_2x2 [minmay_the_grid_mess,
          minmay_the_grid_paths, minmay_the_grid_minigrid_medium,
          minmay_the_grid_prize_four_corners]
D:12:     layout_loops_ring, zombieorc1_lemuel, serial_shops,
          nicolae_shop_crystal, nicolae_shop_statue_plus, nicolae_diamond_shop,
          st_stairs_3, serial_bayou_pond_a, uniq_jorgrun
D:13:     layout_roguey, trove_entry_hex_spiral, uniq_frances, uniq_kirke
D:14:     layout_cave_pods, david_vaults_4, minmay_misc_feat_cross,
          gammafunk_ghost_mausoleum, gauntlet_entry_generic, minmay_shop_chei
D:15:     gammafunk_depths_entry_grave, layout_basic, grunt_decor_fettered,
          onia_ninara_cookie, uniq_agnes
Temple:   minmay_freezing_vapour_temple
Lair:1:   layout_cave_pods
Lair:2:   layout_regular_city, elwin_shoals_entry_stream,
          minmay_stone_trees_medium, minmay_shattered_shrine
Lair:3:   layout_small_grid, spider_nest_entry_rubble,
          chequers_serial_rivers_large_b, tgw_fedhas
Lair:4:   layout_layer_cave, patterned_corridor, grunt_megastairs_4,
          serial_bayou_shore_a, lemuel_fruit_fields, lemuel_fruit_fields
Lair:5:   dpeg_oklob_gauntlet, layout_misc_corridors, grunt_megastairs_5
Lair:6:   minmay_lair_end_frog_pond, layout_cave_pods, slime_altar_1,
          kilobyte_rumbling_trees
Orc:1:    layout_caves, uniq_erica
Orc:2:    st_orc_pillars, layout_diamond_mine, basic_altar, serial_shops,
          nicolae_shop_statue_plus, uniq_nessos, uniq_erolcha

Skill      XL: |  1  2  3  4  5  6  7  8  9 10 11 12 13 14 15 16 17 |
---------------+----------------------------------------------------+-----
Axes           | 3 4 6 7 9 11 13 14 15 16 17 18 | 18.0
Fighting       | 4 7 14 15 16 17 | 17.8
Armour         | 4 5 12 13 | 13.8
Shields        | 4 5 6 7 8 10 11 12 14 15 | 15.0
Invocations    | 3 6 8 9 10 11 12 13 | 13.8
Dodging        | 5 7 |  7.0

Action                   |  1- 3 |  4- 6 |  7- 9 | 10-12 | 13-15 | 16-18 || total
-------------------------+-------+-------+-------+-------+-------+-------++-------
Melee: War axe           |    72 |   124 |   220 |   314 |       |    42 ||   772
       Headbutt          |    10 |    15 |    46 |   104 |   102 |    89 ||   366
       Broad axe         |       |       |       |   116 |   454 |   431 ||  1001
Invok: Minor Destruction |       |       |       |    16 |     3 |       ||    19
       Lesser Servant of |       |       |       |     1 |       |       ||     1
  Use: Potion            |     1 |       |       |     6 |     1 |     1 ||     9
       Scroll            |       |       |    12 |    14 |     8 |     5 ||    39
Armor: Scale mail        |    24 |    32 |    79 |    92 |    82 |    23 ||   332
       Plate armour      |       |       |       |       |       |    72 ||    72
Dodge: Dodged            |    19 |    33 |    64 |   119 |    77 |   102 ||   414
Block: Kite shield       |    42 |    65 |   115 |   255 |   211 |   222 ||   910
       Reflection        |       |       |       |       |       |     9 ||     9

Table legend: (Time is in decaauts)
 A = Elapsed time spent in this place.
 B = Non-inter-level travel time spent in this place.
 C = Inter-level travel time spent in this place.
 D = Time resting spent in this place.
 E = Time spent auto-exploring this place.
 F = Levels seen in this place.
 G = Mean time per level.
                   A        B        C        D        E       F      G
               +--------+--------+--------+--------+--------+-----+--------+
         Total |  28993 |  26942 |   2051 |   5073 |  17146 |  26 | 1115.1 |
       Dungeon |  18653 |  17273 |   1380 |   3974 |  10216 |  15 | 1243.5 |
        Temple |     10 |     10 |      0 |      0 |      0 |   1 |   10.0 |
          Lair |   7947 |   7306 |    641 |    767 |   5508 |   6 | 1324.5 |
  Orcish Mines |    744 |    715 |     29 |     43 |    485 |   2 |  372.0 |
        Bailey |    931 |    931 |      0 |    111 |    520 |   1 |  931.0 |
      Gauntlet |    705 |    705 |      0 |    178 |    416 |   1 |  705.0 |
               +--------+--------+--------+--------+--------+-----+--------+

Top non-repeatable levels by time:
    D:11: 3169 daAuts
    D:10: 2052 daAuts
     D:4: 1973 daAuts
     D:3: 1823 daAuts
  Lair:6: 1800 daAuts
  Lair:2: 1465 daAuts
  Lair:1: 1443 daAuts
     D:8: 1309 daAuts
    D:12: 1290 daAuts
  Lair:4: 1271 daAuts
    D:14: 1063 daAuts
  Lair:3: 1046 daAuts
     D:9: 1037 daAuts
  Bailey: 931 daAuts
  Lair:5: 919 daAuts
